General information
- name: BNet
- type: Ladder team game (AT/RT)
- host: Battle.net
- saver: THETERROROF4V4
map: Cherryville
- players: 8
- length: 60:15
- speed: Fast
- version: 1.26 W3XP
- replay type: Public
» download(337 KB)
Players
team 1 (loser)

»
IDGAF_SO_STFU (
pink | 44 APM | 2375 actions | 54:18)
6 Death Knight
3 Death Coil
3 Unholy Aura
2 Lich
1 Frost Nova
1 Frost Armor
» actions
| Assign group hotkey | 29 | |
| Basic commands | 217 | |
| Build / train | 92 | |
| Enter build submenu | 39 | |
| Enter hero's abilities submenu | 8 | |
| Give item / drop item | 4 | |
| Remove unit from queue | 2 | |
| Right click | 490 | |
| Select / deselect | 492 | |
| Select group hotkey | 867 | |
| Use ability | 135 | |
2375 total
» units
| Acolyte | 16 | |
| Ghoul | 4 | |
| Crypt Fiend | 15 | |
| Frost Wyrm | 7 | |
| Obsidian Statue | 8 | |
50 total
» upgrades
| Creature Attack | 3 | |
| Creature Carapace | 2 | |
| Web | 1 | |
| Destroyer Form | 1 | |
| Freezing Breath | 1 | |
| Burrow | 1 | |
9 total
» buildings
| Altar of Darkness | 5 | |
| Ziggurat | 14 | |
| Graveyard | 2 | |
| Crypt | 4 | |
| Tomb of Relics | 2 | |
| Necropolis | 2 | |
| Halls of the Dead | 2 | |
| Nerubian Tower | 3 | |
| Spirit Tower | 5 | |
| Black Citadel | 2 | |
| Sacrificial Pit | 2 | |
| Boneyard | 2 | |
| Slaughterhouse | 2 | |
47 total
» build order
00:40 Altar of Darkness
00:42 Ziggurat
00:49 Graveyard
00:58 Crypt
01:17 Ziggurat
01:30 Tomb of Relics
04:07 Ziggurat
05:17 Necropolis
05:23 Ziggurat
05:25 Ziggurat
05:26 Ziggurat
05:59 Halls of the Dead
06:21 Nerubian Tower
06:24 Spirit Tower
07:24 Spirit Tower
08:49 Black Citadel
09:36 Sacrificial Pit
09:42 Ziggurat
10:56 Spirit Tower
11:12 Boneyard
11:14 Boneyard
11:47 Slaughterhouse
12:05 Nerubian Tower
12:08 Spirit Tower
15:24 Ziggurat
26:33 Necropolis
28:18 Altar of Darkness
28:28 Altar of Darkness
28:30 Ziggurat
29:45 Altar of Darkness
29:48 Halls of the Dead
29:53 Graveyard
29:57 Ziggurat
29:59 Ziggurat
30:55 Nerubian Tower
31:31 Spirit Tower
31:39 Tomb of Relics
32:07 Crypt
32:10 Crypt
32:18 Crypt
33:31 Black Citadel
33:37 Ziggurat
33:52 Slaughterhouse
35:59 Sacrificial Pit
39:23 Altar of Darkness
39:26 Ziggurat
40:50 Ziggurat
» items
| Rod of Necromancy | 2 | |
| Sacrificial Skull | 1 | |
| Orb of Corruption | 1 | |
| Scroll of Town Portal | 5 | |
9 total
KATY-PERRY-WEE (
blue | 64 APM | 3846 actions | 60:15)
10 Mountain King
3 Storm Bolt
3 Bash
1 Avatar
3 Thunder Clap
» actions
| Assign group hotkey | 81 | |
| Basic commands | 24 | |
| Build / train | 120 | |
| Enter build submenu | 27 | |
| Enter hero's abilities submenu | 9 | |
| Give item / drop item | 5 | |
| Right click | 1413 | |
| Select / deselect | 344 | |
| Select group hotkey | 1538 | |
| Use ability | 284 | |
3846 total
» units
| Peasant | 13 | |
| Footman | 3 | |
| Goblin Shredder | 3 | |
| Gryphon Rider | 10 | |
| Dragonhawk Rider | 7 | |
| Goblin Sapper | 5 | |
| Rifleman | 3 | |
44 total
» upgrades
| Masonry | 3 | |
| Swords | 2 | |
| Armor | 2 | |
| Animal War Training | 1 | |
| Storm Hammers | 1 | |
| Cloud | 1 | |
10 total
» buildings
| Altar of Kings | 1 | |
| Barracks | 1 | |
| Farm | 11 | |
| Lumber Mill | 1 | |
| Town Hall | 2 | |
| Scout Tower | 42 | |
| Arcane Vault | 1 | |
| Guard Tower | 28 | |
| Keep | 2 | |
| Blacksmith | 1 | |
| Castle | 2 | |
| Gryphon Aviary | 3 | |
95 total
» build order
00:07 Altar of Kings
00:25 Barracks
00:48 Farm
01:02 Farm
01:37 Farm
02:03 Lumber Mill
03:43 Town Hall
03:47 Scout Tower
03:50 Scout Tower
03:51 Scout Tower
03:51 Scout Tower
03:52 Scout Tower
04:17 Arcane Vault
04:22 Guard Tower
04:22 Guard Tower
04:23 Guard Tower
04:41 Guard Tower
04:41 Guard Tower
05:59 Guard Tower
06:01 Keep
06:26 Blacksmith
07:28 Scout Tower
07:28 Scout Tower
07:29 Scout Tower
07:29 Scout Tower
07:33 Scout Tower
07:41 Scout Tower
07:41 Scout Tower
07:42 Scout Tower
08:00 Farm
08:11 Guard Tower
08:13 Guard Tower
08:23 Castle
08:23 Castle
08:31 Gryphon Aviary
09:22 Gryphon Aviary
09:25 Gryphon Aviary
09:49 Town Hall
09:51 Scout Tower
09:52 Scout Tower
11:12 Guard Tower
11:38 Scout Tower
11:39 Scout Tower
11:39 Scout Tower
11:39 Scout Tower
12:14 Guard Tower
12:15 Guard Tower
13:22 Farm
13:22 Farm
13:23 Farm
13:24 Farm
13:25 Farm
13:25 Farm
13:25 Farm
16:09 Scout Tower
16:09 Scout Tower
16:10 Scout Tower
16:10 Scout Tower
16:10 Scout Tower
16:47 Guard Tower
16:47 Guard Tower
17:17 Guard Tower
17:21 Scout Tower
17:21 Scout Tower
17:22 Scout Tower
17:22 Scout Tower
17:42 Guard Tower
18:20 Guard Tower
18:20 Guard Tower
18:23 Guard Tower
18:25 Scout Tower
18:26 Scout Tower
18:27 Scout Tower
18:27 Scout Tower
18:28 Scout Tower
18:28 Scout Tower
19:42 Guard Tower
20:02 Guard Tower
20:18 Guard Tower
20:20 Scout Tower
20:20 Scout Tower
20:21 Scout Tower
20:22 Scout Tower
20:23 Scout Tower
20:23 Scout Tower
21:40 Guard Tower
21:41 Guard Tower
22:06 Guard Tower
24:50 Guard Tower
» items
| Scroll of Regeneration | 4 | |
| Lesser Clarity Potion | 3 | |
| Scroll of Town Portal | 7 | |
| Staff of Teleportation | 2 | |
| Boots of Speed | 1 | |
| Potion of Lesser Invulnerability | 1 | |
| Staff of Sanctuary | 1 | |
| Potion of Mana | 1 | |
20 total
RaiderKing (
green | 92 APM | 1708 actions | 18:35)
3 Death Knight
2 Death Coil
1 Unholy Aura
2 Lich
1 Frost Nova
1 Dark Ritual
» actions
| Assign group hotkey | 25 | |
| Build / train | 61 | |
| ESC pressed | 1 | |
| Enter build submenu | 14 | |
| Enter hero's abilities submenu | 5 | |
| Give item / drop item | 3 | |
| Right click | 901 | |
| Select / deselect | 203 | |
| Select group hotkey | 428 | |
| Use ability | 67 | |
1708 total
» units
| Acolyte | 10 | |
| Ghoul | 5 | |
| Frost Wyrm | 7 | |
22 total
» upgrades
| Creature Attack | 3 | |
| Creature Carapace | 2 | |
| Freezing Breath | 1 | |
6 total
» buildings
| Altar of Darkness | 1 | |
| Ziggurat | 5 | |
| Crypt | 1 | |
| Tomb of Relics | 1 | |
| Graveyard | 1 | |
| Halls of the Dead | 3 | |
| Nerubian Tower | 2 | |
| Black Citadel | 2 | |
| Sacrificial Pit | 2 | |
| Boneyard | 2 | |
| Spirit Tower | 2 | |
22 total
» build order
00:07 Altar of Darkness
00:09 Ziggurat
00:37 Crypt
00:50 Tomb of Relics
01:22 Graveyard
02:44 Halls of the Dead
02:44 Halls of the Dead
03:21 Ziggurat
03:22 Ziggurat
03:28 Nerubian Tower
03:28 Nerubian Tower
04:26 Ziggurat
05:10 Black Citadel
05:10 Black Citadel
05:17 Sacrificial Pit
05:47 Ziggurat
06:45 Sacrificial Pit
07:38 Boneyard
07:39 Boneyard
15:49 Spirit Tower
16:30 Spirit Tower
» items
| Rod of Necromancy | 2 | |
| Dust of Appearance | 1 | |
| Scroll of Regeneration | 2 | |
| Orb of Corruption | 2 | |
| Scroll of Town Portal | 2 | |
| Lesser Clarity Potion | 2 | |
11 total
conmaster (
teal | 22 APM | 1303 actions | 60:15)
3 Archmage
1 Summon Water Elemental
1 Brilliance Aura
1 Blizzard
» actions
| Assign group hotkey | 3 | |
| Basic commands | 98 | |
| Build / train | 128 | |
| ESC pressed | 2 | |
| Enter build submenu | 41 | |
| Enter hero's abilities submenu | 3 | |
| Give item / drop item | 3 | |
| Right click | 383 | |
| Select / deselect | 533 | |
| Use ability | 109 | |
1303 total
» units
| Peasant | 19 | |
| Footman | 26 | |
| Knight | 10 | |
| Priest | 3 | |
58 total
» upgrades
| Masonry | 3 | |
| Defend | 1 | |
| Lumber Harvesting | 2 | |
| Swords | 2 | |
| Plating | 1 | |
| Magic Sentry | 1 | |
| Priest Training | 1 | |
11 total
» buildings
| Lumber Mill | 1 | |
| Altar of Kings | 1 | |
| Farm | 9 | |
| Barracks | 2 | |
| Scout Tower | 21 | |
| Arcane Tower | 2 | |
| Arcane Vault | 2 | |
| Town Hall | 1 | |
| Guard Tower | 14 | |
| Keep | 1 | |
| Castle | 3 | |
| Blacksmith | 1 | |
| Arcane Sanctum | 1 | |
59 total
» build order
00:15 Lumber Mill
00:23 Altar of Kings
00:38 Farm
01:14 Farm
01:28 Barracks
01:53 Barracks
01:56 Farm
02:10 Scout Tower
02:39 Farm
02:45 Arcane Tower
03:33 Farm
04:40 Arcane Vault
05:22 Town Hall
06:13 Scout Tower
06:45 Scout Tower
06:46 Guard Tower
07:15 Guard Tower
07:17 Scout Tower
07:45 Guard Tower
07:48 Scout Tower
08:21 Guard Tower
08:24 Scout Tower
08:30 Scout Tower
08:56 Arcane Tower
08:59 Scout Tower
09:04 Scout Tower
09:11 Keep
09:39 Guard Tower
09:44 Scout Tower
09:49 Guard Tower
10:19 Guard Tower
10:22 Scout Tower
11:11 Guard Tower
12:23 Castle
12:24 Castle
12:24 Castle
14:04 Blacksmith
15:11 Arcane Vault
15:51 Arcane Sanctum
15:59 Farm
16:19 Farm
17:08 Farm
17:13 Farm
21:24 Scout Tower
22:17 Guard Tower
22:28 Scout Tower
22:34 Scout Tower
23:08 Guard Tower
23:13 Scout Tower
23:15 Scout Tower
23:21 Scout Tower
24:03 Guard Tower
24:10 Scout Tower
24:13 Scout Tower
24:16 Scout Tower
24:34 Scout Tower
24:54 Guard Tower
25:07 Guard Tower
25:20 Guard Tower
» items
| Scroll of Regeneration | 8 | |
| Lesser Clarity Potion | 9 | |
| Potion of Healing | 5 | |
| Scroll of Town Portal | 7 | |
| Rod of Necromancy | 1 | |
| Orb of Corruption | 1 | |
| Orb of Fire | 1 | |
| Potion of Lesser Invulnerability | 1 | |
| Staff of Teleportation | 1 | |
| Scroll of Protection | 1 | |
35 total
team 2 (winner)
Shell (
purple | 46 APM | 2790 actions | 60:15)
10 Mountain King
3 Storm Bolt
3 Bash
1 Avatar
3 Thunder Clap
» actions
| Assign group hotkey | 305 | |
| Basic commands | 80 | |
| Build / train | 104 | |
| Enter build submenu | 68 | |
| Enter hero's abilities submenu | 10 | |
| Give item / drop item | 8 | |
| Remove unit from queue | 2 | |
| Right click | 1226 | |
| Select / deselect | 430 | |
| Select group hotkey | 325 | |
| Use ability | 231 | |
2790 total
» units
| Peasant | 12 | |
| Footman | 4 | |
| Goblin Shredder | 1 | |
| Goblin Sapper | 10 | |
| Goblin Zeppelin | 2 | |
29 total
» upgrades
| Masonry | 3 | |
| Gunpowder | 3 | |
| Armor | 3 | |
| Animal War Training | 1 | |
| Swords | 3 | |
| Plating | 3 | |
16 total
» buildings
| Altar of Kings | 1 | |
| Barracks | 1 | |
| Farm | 6 | |
| Arcane Vault | 5 | |
| Town Hall | 2 | |
| Keep | 1 | |
| Lumber Mill | 1 | |
| Scout Tower | 77 | |
| Guard Tower | 20 | |
| Castle | 1 | |
| Blacksmith | 2 | |
| Workshop | 4 | |
| Gryphon Aviary | 4 | |
125 total
» build order
00:36 Altar of Kings
00:37 Barracks
00:49 Farm
01:00 Farm
01:04 Farm
01:35 Farm
01:39 Farm
03:02 Arcane Vault
03:06 Arcane Vault
04:08 Town Hall
04:19 Keep
05:39 Lumber Mill
05:46 Scout Tower
05:48 Scout Tower
05:51 Scout Tower
05:53 Scout Tower
05:56 Scout Tower
06:02 Scout Tower
06:03 Scout Tower
06:04 Scout Tower
06:09 Scout Tower
06:11 Scout Tower
06:12 Scout Tower
06:43 Guard Tower
06:45 Guard Tower
06:49 Castle
07:26 Guard Tower
07:50 Guard Tower
08:49 Blacksmith
08:52 Scout Tower
08:55 Scout Tower
08:57 Scout Tower
08:59 Scout Tower
09:47 Scout Tower
09:47 Scout Tower
09:47 Scout Tower
09:48 Scout Tower
09:49 Scout Tower
09:51 Scout Tower
09:51 Scout Tower
09:52 Scout Tower
09:53 Scout Tower
09:54 Scout Tower
10:28 Blacksmith
10:40 Guard Tower
11:02 Guard Tower
11:04 Scout Tower
11:06 Scout Tower
11:09 Scout Tower
11:13 Scout Tower
11:14 Scout Tower
11:14 Scout Tower
11:14 Scout Tower
11:21 Scout Tower
12:31 Guard Tower
12:38 Scout Tower
12:39 Scout Tower
12:40 Scout Tower
12:41 Scout Tower
12:42 Scout Tower
12:53 Scout Tower
12:54 Scout Tower
12:54 Scout Tower
12:55 Scout Tower
12:56 Scout Tower
12:56 Scout Tower
12:57 Scout Tower
12:58 Scout Tower
12:59 Scout Tower
13:51 Guard Tower
13:56 Guard Tower
14:20 Guard Tower
14:25 Guard Tower
14:28 Guard Tower
15:37 Scout Tower
15:37 Scout Tower
15:38 Scout Tower
15:38 Scout Tower
15:38 Scout Tower
15:57 Scout Tower
15:58 Scout Tower
15:58 Scout Tower
15:59 Scout Tower
15:59 Scout Tower
16:03 Scout Tower
16:05 Scout Tower
16:06 Scout Tower
16:08 Scout Tower
16:10 Scout Tower
16:11 Scout Tower
16:12 Scout Tower
16:13 Scout Tower
16:15 Scout Tower
16:20 Scout Tower
16:30 Guard Tower
16:32 Guard Tower
19:17 Guard Tower
19:52 Farm
22:41 Workshop
22:41 Workshop
22:42 Workshop
22:43 Workshop
22:48 Gryphon Aviary
22:48 Gryphon Aviary
22:50 Gryphon Aviary
22:50 Gryphon Aviary
24:24 Town Hall
24:27 Scout Tower
24:27 Scout Tower
24:28 Scout Tower
24:28 Scout Tower
24:41 Scout Tower
24:43 Scout Tower
24:43 Scout Tower
24:43 Scout Tower
24:44 Scout Tower
24:47 Arcane Vault
24:57 Guard Tower
24:59 Guard Tower
25:14 Guard Tower
25:59 Guard Tower
27:03 Arcane Vault
27:39 Guard Tower
27:43 Arcane Vault
» items
| Scroll of Regeneration | 6 | |
| Staff of Teleportation | 1 | |
| Periapt of Vitality | 1 | |
| Potion of Healing | 6 | |
| Scroll of Town Portal | 3 | |
| Lesser Clarity Potion | 3 | |
| Orb of Corruption | 1 | |
| Potion of Invisibility | 2 | |
23 total
THETERROROF4V4 (
orange | 79 APM | 4742 actions | 60:15)
9 Archmage
3 Summon Water Elemental
3 Brilliance Aura
2 Blizzard
1 Mass Teleport
» actions
| Assign group hotkey | 107 | |
| Basic commands | 86 | |
| Build / train | 194 | |
| ESC pressed | 32 | |
| Enter build submenu | 62 | |
| Enter hero's abilities submenu | 11 | |
| Give item / drop item | 7 | |
| Right click | 1859 | |
| Select / deselect | 566 | |
| Select group hotkey | 1484 | |
| Use ability | 334 | |
4742 total
» units
| Peasant | 17 | |
| Footman | 4 | |
| Goblin Shredder | 3 | |
| Goblin Zeppelin | 8 | |
| Gryphon Rider | 6 | |
| Sorceress | 3 | |
| Dragonhawk Rider | 5 | |
| Spell Breaker | 1 | |
| Siege Engine | 1 | |
| Knight | 1 | |
49 total
» upgrades
| Masonry | 3 | |
| Swords | 3 | |
| Armor | 3 | |
| Lumber Harvesting | 2 | |
| Animal War Training | 1 | |
| Sorceress Training | 2 | |
| Storm Hammers | 1 | |
| Cloud | 1 | |
| Barrage | 1 | |
| Flak Cannons | 1 | |
| Plating | 3 | |
| Gunpowder | 3 | |
| Fragmentation Shards | 1 | |
| Flying Machine Bombs | 1 | |
| Priest Training | 2 | |
| Control Magic | 1 | |
| Magic Sentry | 1 | |
| Defend | 1 | |
| Long Rifles | 1 | |
| Backpack | 1 | |
| Flare | 1 | |
34 total
» buildings
| Altar of Kings | 1 | |
| Barracks | 1 | |
| Farm | 10 | |
| Arcane Vault | 1 | |
| Town Hall | 5 | |
| Scout Tower | 35 | |
| Arcane Tower | 1 | |
| Keep | 4 | |
| Lumber Mill | 1 | |
| Blacksmith | 1 | |
| Guard Tower | 42 | |
| Castle | 4 | |
| Gryphon Aviary | 5 | |
| Arcane Sanctum | 1 | |
| Workshop | 1 | |
| Cannon Tower | 2 | |
115 total
» build order
00:36 Altar of Kings
00:39 Barracks
00:54 Farm
01:08 Farm
01:45 Farm
02:25 Arcane Vault
03:52 Farm
03:57 Town Hall
04:00 Scout Tower
04:33 Arcane Tower
05:28 Keep
05:29 Keep
05:35 Lumber Mill
05:48 Blacksmith
06:43 Scout Tower
06:43 Scout Tower
07:48 Guard Tower
07:48 Guard Tower
07:50 Scout Tower
07:53 Scout Tower
07:55 Scout Tower
07:57 Castle
07:57 Castle
08:22 Gryphon Aviary
08:24 Gryphon Aviary
08:26 Gryphon Aviary
09:01 Guard Tower
09:01 Guard Tower
09:03 Scout Tower
09:03 Scout Tower
09:08 Scout Tower
09:11 Scout Tower
09:15 Scout Tower
09:29 Scout Tower
09:30 Scout Tower
09:34 Scout Tower
09:36 Scout Tower
10:24 Guard Tower
10:25 Guard Tower
10:44 Arcane Sanctum
11:14 Scout Tower
11:19 Scout Tower
11:20 Scout Tower
11:44 Guard Tower
11:44 Guard Tower
11:44 Guard Tower
11:46 Guard Tower
11:50 Guard Tower
11:50 Guard Tower
11:57 Guard Tower
11:57 Guard Tower
12:31 Farm
12:37 Guard Tower
12:53 Workshop
13:55 Cannon Tower
14:16 Scout Tower
14:17 Scout Tower
14:22 Scout Tower
14:55 Cannon Tower
21:54 Farm
21:55 Farm
21:57 Farm
21:58 Farm
22:01 Gryphon Aviary
22:02 Gryphon Aviary
22:23 Farm
24:43 Town Hall
24:45 Scout Tower
24:45 Scout Tower
24:46 Scout Tower
24:47 Scout Tower
24:47 Scout Tower
24:48 Scout Tower
24:50 Scout Tower
24:51 Scout Tower
24:51 Scout Tower
24:52 Scout Tower
24:52 Scout Tower
24:53 Scout Tower
24:54 Scout Tower
24:55 Scout Tower
25:14 Guard Tower
25:14 Guard Tower
25:15 Guard Tower
25:15 Guard Tower
25:16 Guard Tower
25:16 Guard Tower
25:17 Guard Tower
25:17 Guard Tower
25:32 Guard Tower
25:32 Guard Tower
25:33 Guard Tower
27:17 Guard Tower
27:17 Guard Tower
27:18 Guard Tower
30:22 Town Hall
32:01 Town Hall
35:41 Town Hall
» items
| Mechanical Critter | 6 | |
| Scroll of Regeneration | 6 | |
| Staff of Teleportation | 1 | |
| Periapt of Vitality | 1 | |
| Tome of Retraining | 1 | |
| Potion of Invisibility | 2 | |
| Scroll of Town Portal | 3 | |
| Lesser Clarity Potion | 1 | |
| Potion of Lesser Invulnerability | 2 | |
| Staff of Sanctuary | 1 | |
24 total

»
tu.suce-le.kid (
yellow | 59 APM | 3130 actions | 52:47)
9 Goblin Alchemist
3 Acid Bomb
3 Chemical Rage
1 Transmute
2 Healing Spray
» actions
| Assign group hotkey | 114 | |
| Basic commands | 62 | |
| Build / train | 112 | |
| ESC pressed | 1 | |
| Enter build submenu | 33 | |
| Enter hero's abilities submenu | 11 | |
| Give item / drop item | 3 | |
| Remove unit from queue | 1 | |
| Right click | 1367 | |
| Select / deselect | 592 | |
| Select group hotkey | 698 | |
| Use ability | 136 | |
3130 total
» units
| Acolyte | 28 | |
| Ghoul | 10 | |
| Crypt Fiend | 12 | |
| Obsidian Statue | 4 | |
| Banshee | 5 | |
| Gargoyle | 6 | |
65 total
» upgrades
| Banshee Training | 2 | |
| Web | 1 | |
| Burrow | 1 | |
| Creature Attack | 3 | |
| Creature Carapace | 3 | |
| Destroyer Form | 1 | |
11 total
» buildings
| Crypt | 4 | |
| Ziggurat | 10 | |
| Graveyard | 2 | |
| Altar of Darkness | 1 | |
| Tomb of Relics | 3 | |
| Nerubian Tower | 2 | |
| Halls of the Dead | 2 | |
| Temple of the Damned | 1 | |
| Slaughterhouse | 1 | |
| Necropolis | 3 | |
| Black Citadel | 1 | |
| Spirit Tower | 2 | |
| Sacrificial Pit | 1 | |
33 total
» build order
00:06 Crypt
00:13 Ziggurat
00:40 Graveyard
01:00 Altar of Darkness
01:28 Ziggurat
01:55 Tomb of Relics
02:28 Nerubian Tower
02:52 Halls of the Dead
02:52 Halls of the Dead
03:55 Ziggurat
05:25 Temple of the Damned
05:39 Slaughterhouse
06:02 Necropolis
07:40 Ziggurat
08:12 Tomb of Relics
08:33 Nerubian Tower
09:32 Ziggurat
09:33 Ziggurat
09:59 Black Citadel
10:29 Spirit Tower
11:08 Sacrificial Pit
12:59 Ziggurat
14:00 Spirit Tower
14:17 Tomb of Relics
15:40 Ziggurat
16:02 Crypt
16:09 Crypt
16:13 Crypt
26:38 Necropolis
28:34 Ziggurat
28:35 Ziggurat
30:25 Graveyard
31:50 Necropolis
» items
| Rod of Necromancy | 1 | |
| Sacrificial Skull | 1 | |
| Boots of Speed | 3 | |
| Potion of Lesser Invulnerability | 1 | |
| Scroll of Town Portal | 7 | |
| Potion of Healing | 1 | |
| Staff of Teleportation | 1 | |
| Orb of Corruption | 1 | |
| Potion of Invisibility | 2 | |
18 total
benlenovitz (
red | 33 APM | 965 actions | 29:26)
7 Death Knight
3 Death Coil
2 Unholy Aura
1 Death Pact
1 Animate Dead
» actions
| Assign group hotkey | 22 | |
| Build / train | 58 | |
| Enter build submenu | 22 | |
| Enter hero's abilities submenu | 7 | |
| Right click | 460 | |
| Select / deselect | 250 | |
| Select group hotkey | 93 | |
| Use ability | 53 | |
965 total
» units
| Acolyte | 9 | |
| Ghoul | 14 | |
| Frost Wyrm | 10 | |
33 total
» upgrades
| Cannibalize | 1 | |
| Creature Attack | 3 | |
| Creature Carapace | 3 | |
| Ghoul Frenzy | 1 | |
| Freezing Breath | 1 | |
9 total
» buildings
| Crypt | 2 | |
| Ziggurat | 9 | |
| Altar of Darkness | 1 | |
| Tomb of Relics | 1 | |
| Halls of the Dead | 1 | |
| Black Citadel | 1 | |
| Graveyard | 1 | |
| Sacrificial Pit | 1 | |
| Boneyard | 4 | |
21 total
» build order
00:12 Crypt
00:17 Ziggurat
01:09 Crypt
01:14 Altar of Darkness
02:24 Ziggurat
03:11 Ziggurat
03:32 Tomb of Relics
03:56 Ziggurat
06:13 Halls of the Dead
08:44 Black Citadel
08:48 Graveyard
09:49 Sacrificial Pit
11:18 Boneyard
11:22 Boneyard
11:24 Boneyard
11:28 Boneyard
11:41 Ziggurat
11:44 Ziggurat
11:47 Ziggurat
11:49 Ziggurat
11:52 Ziggurat
» items
| Rod of Necromancy | 1 | |
| Scroll of Healing | 1 | |
| Scroll of Town Portal | 1 | |
| Orb of Corruption | 1 | |
| Orb of Fire | 1 | |
| Lesser Clarity Potion | 1 | |
6 total
Chat log
(00:13 / All) KATY-PERRY-WEE: conmaster in the houseeeeeeeee
(00:32 / Allies) benlenovitz: rush
(00:57 / Allies) Shell: yeah that's a good movie
(01:07 / Allies) Shell: but what about it?
(01:24 / Allies) THETERROROF4V4: red knows his 4v4 he is 30 games below 50%
(01:40 / Allies) benlenovitz: 100 godl pelase
(01:46 / Allies) Shell: typical UD
(01:54 / Allies) benlenovitz: lol
(01:57 / Allies) THETERROROF4V4: "rush" "100g plz"
(02:01 / Allies) THETERROROF4V4: "plan?" "fiends and frosts"
(02:21 / Allies) Shell: then brags when they end up getting higher score
(02:43 / Allies) THETERROROF4V4: high score from making 200 food of frosts, 140 of which they lost in fights
(03:08 / All) THETERROROF4V4: Green, what game mode is this?
(07:10 / Allies) tu.suce-le.kid: b
(08:40 / Allies) tu.suce-le.kid: 2 k gold
(09:50 / Allies) THETERROROF4V4: wood please
(10:08 / Allies) THETERROROF4V4: anyone got spare wood?
(10:17 / Allies) THETERROROF4V4: thanks
(11:12 / Allies) tu.suce-le.kid: wood
(12:36 / All) KATY-PERRY-WEE: asshole purple
(12:38 / All) KATY-PERRY-WEE: towering choke
(13:57 / Allies) benlenovitz: meet
(14:41 / Allies) THETERROROF4V4: noob
(16:57 / Allies) tu.suce-le.kid: bak
(16:58 / Allies) tu.suce-le.kid: red
(16:59 / Allies) tu.suce-le.kid: wtfd
(17:01 / Allies) tu.suce-le.kid: BAK
(17:33 / All) Shell: LOL
(17:36 / All) Shell: STOP
(17:37 / All) Shell: HAMMER TIME
(18:42 / All) THETERROROF4V4: wtf
(18:45 / All) THETERROROF4V4: what canceled my tp staff
(19:47 / All) KATY-PERRY-WEE: u are a great player yellow
(19:54 / All) tu.suce-le.kid: Thx
(21:01 / All) tu.suce-le.kid: gg noob blue
(21:02 / All) Shell: missed lol
(21:05 / All) KATY-PERRY-WEE: lawl
(22:34 / All) Shell: All these towers and no one to attack them
(22:46 / Allies) Shell: lumber
(23:01 / All) THETERROROF4V4: thanks for the free ghouls
(23:22 / All) tu.suce-le.kid: good player blue
(23:42 / All) KATY-PERRY-WEE: thx u certainly arent
(24:11 / All) tu.suce-le.kid: good player
(24:15 / All) KATY-PERRY-WEE: raped
(24:28 / All) tu.suce-le.kid: 1on1 ?
(24:53 / Allies) Shell: what are you doin
(24:55 / Allies) benlenovitz: gold pelase
(24:56 / Allies) benlenovitz: 100
(25:14 / All) tu.suce-le.kid: come blue
(25:21 / Allies) benlenovitz: meet
(25:55 / Allies) tu.suce-le.kid: unit
(25:56 / Allies) tu.suce-le.kid: tank
(26:46 / Allies) tu.suce-le.kid: ..
(26:54 / Allies) THETERROROF4V4: hmm?
(28:24 / Allies) tu.suce-le.kid: make unit
(28:33 / All) Shell: Time to die
(28:49 / All) THETERROROF4V4: instantly pusses out lol
(29:48 / Allies) tu.suce-le.kid: purp give gold
(29:58 / Allies) Shell: not much to spare
(30:22 / All) KATY-PERRY-WEE: bad boy yellow
(30:42 / All) tu.suce-le.kid: yep
(30:47 / All) tu.suce-le.kid: my ally have 20 k gold
(30:53 / All) KATY-PERRY-WEE: i have 15k
(30:54 / All) KATY-PERRY-WEE: big deal
(31:04 / All) KATY-PERRY-WEE: ive been fighting a 1v2 all game
(32:10 / All) KATY-PERRY-WEE: leave ur allies out of htis yelllow
(32:14 / All) KATY-PERRY-WEE: u lost 1v1 to me
(32:30 / All) tu.suce-le.kid: i have 48/50 idiot
(32:31 / All) THETERROROF4V4: he's right
(32:35 / All) THETERROROF4V4: you lost 1v1 to him
(32:36 / All) tu.suce-le.kid: i cant fight you
(32:37 / All) Shell: die horsey
(32:37 / All) THETERROROF4V4: he raped you lol
(32:46 / All) THETERROROF4V4: you are not a great player yellow
(33:33 / Allies) tu.suce-le.kid: make more aa
(33:41 / Allies) tu.suce-le.kid: 100 $ gold
(33:42 / Allies) tu.suce-le.kid: plz
(33:50 / Allies) Shell: dollars are used in azeroth
(34:43 / All) KATY-PERRY-WEE: ur move yellow
(34:55 / Allies) tu.suce-le.kid: gold plz
(35:29 / Allies) THETERROROF4V4: there you go, that's all I can spare
(35:48 / Allies) tu.suce-le.kid: give
(35:48 / Allies) tu.suce-le.kid: plz
(35:50 / Allies) tu.suce-le.kid: i
(35:55 / Allies) tu.suce-le.kid: i spend mass item
(35:57 / Allies) THETERROROF4V4: I gave you gold, that's not very appreciative
(35:57 / Allies) tu.suce-le.kid: with hero
(36:00 / All) Shell: I gave yellow what I could spare
(36:06 / All) Shell: 1 gold
(36:10 / All) Shell: his christmas bonus
(36:16 / All) THETERROROF4V4: I gave him 1 more just now
(36:23 / All) THETERROROF4V4: he hasn't even said thank you to either of us
(36:25 / All) THETERROROF4V4: how rude
(36:27 / All) KATY-PERRY-WEE: yellow needs all the help he can give
(36:35 / All) Shell: Yeah yellow has no manners
(36:41 / All) Shell: He was raised by swine
(36:45 / All) Shell: His mama was a pig!
(37:36 / All) KATY-PERRY-WEE: damn straight u run woman
(37:41 / All) THETERROROF4V4: you can tp to shades which is so bs
(37:54 / All) Shell: yeah
(39:32 / All) Shell: pink is a pussy
(39:35 / All) Shell: so he got appropriate color
(39:44 / All) THETERROROF4V4: I beat his mass fiend with mass dragonhawk
(39:45 / All) IDGAF_SO_STFU: lol how so
(39:47 / All) THETERROROF4V4: that should never work
(39:50 / All) THETERROROF4V4: but it works on a pussy like him
(39:53 / All) tu.suce-le.kid: thx blue
(39:56 / All) THETERROROF4V4: I penetrated that pussy, fucked it hard
(39:59 / All) IDGAF_SO_STFU: lol
(40:03 / All) Shell: He quelled before the might of Gar Doomforge
(40:09 / All) THETERROROF4V4: how's it feel to get fucked in the pussy pink?
(40:12 / All) IDGAF_SO_STFU: ff my hero blizzard the fiends
(40:23 / All) THETERROROF4V4: fucked hard in the pussy
(40:25 / All) KATY-PERRY-WEE: run woman
(40:26 / All) IDGAF_SO_STFU: yea no way out
(40:27 / All) THETERROROF4V4: pink was fucked hard in the pussy
(40:28 / All) IDGAF_SO_STFU: lol
(40:31 / All) IDGAF_SO_STFU: your garbage
(40:38 / All) IDGAF_SO_STFU: thus why this gmae was hacked
(40:40 / All) THETERROROF4V4: you're a pussy hahaha you got fucked in the pussy by me!
(40:42 / All) IDGAF_SO_STFU: GARBAGE
(40:51 / All) Shell: Why do you run from lone mountain kings?
(40:53 / All) THETERROROF4V4: I fucked you in your pussy lol I am better than you pink
(40:53 / All) Shell: Coward
(40:55 / All) Shell: YOU COWARD
(40:56 / All) IDGAF_SO_STFU: lol
(40:58 / All) IDGAF_SO_STFU: lonr
(41:00 / All) IDGAF_SO_STFU: okay
(41:06 / All) Shell: You tped like a bitch
(41:07 / All) IDGAF_SO_STFU: thats right oj wasnt their to save you
(41:10 / All) Shell: Before orange even got there
(41:12 / All) Shell: Then got raped
(41:14 / Allies) tu.suce-le.kid: idiot
(41:16 / All) IDGAF_SO_STFU: w/e bro
(41:22 / All) THETERROROF4V4: you got fucked hard in the pussy by me
(41:28 / All) THETERROROF4V4: I fucked you hard in your little tight pussy
(41:47 / All) IDGAF_SO_STFU: stfu lil kid
(42:03 / All) THETERROROF4V4: I fucked you hard in the pussy lil girl
(42:05 / All) Shell: COWARD
(42:10 / All) IDGAF_SO_STFU: lol
(42:22 / All) Shell: YOU FEAR THE MIGHT OF GAR DOOMFORGE?
(42:43 / All) IDGAF_SO_STFU: you know fighting on the internet is like winning the special olympics, even if you two faggits win your still fucking retarded
(42:47 / All) THETERROROF4V4: Peril Spellbinder is a fine assist on chasing cowards
(43:03 / All) Shell: you know repeating cliches is like being pink
(43:04 / All) Shell: retarded
(43:09 / All) THETERROROF4V4: "if you two faggits win your still fucking retarded"
(43:11 / All) tu.suce-le.kid: Thats great game
(43:13 / All) IDGAF_SO_STFU: good 1
(43:14 / All) THETERROROF4V4: *faggots
(43:16 / All) IDGAF_SO_STFU: nice
(43:16 / All) THETERROROF4V4: *you're
(43:23 / All) KATY-PERRY-WEE: kneel before ur king, yellow
(43:29 / All) IDGAF_SO_STFU: nice cum back bro why dont you whip it off your chin
(43:29 / All) KATY-PERRY-WEE: u have been bested
(43:37 / All) tu.suce-le.kid: u noob
(43:43 / All) KATY-PERRY-WEE: u mad noob
(43:44 / All) KATY-PERRY-WEE: weeeeeeeee
(43:54 / All) THETERROROF4V4: Tell me to do that after you've wiped the cum out of your pussy pink
(43:58 / All) THETERROROF4V4: I fucked you hard in your pussy
(44:01 / All) THETERROROF4V4: cummed in that snug little pussy
(44:24 / All) IDGAF_SO_STFU: your funny bro, your ,childish humor doesnt offend me
(44:45 / All) THETERROROF4V4: It's not humour, I fucked your pussy hard, that's serious
(44:49 / All) THETERROROF4V4: seriously fucked your pussy
(44:52 / All) IDGAF_SO_STFU: haha g1
(45:11 / All) THETERROROF4V4: if you don't give a fuck why are you still here getting your pussy fucked?
(45:16 / All) THETERROROF4V4: I'm fucking your pussy mmmm
(45:29 / All) IDGAF_SO_STFU: lol how old are you 12
(45:30 / All) tu.suce-le.kid: gold blue ?
(45:37 / All) KATY-PERRY-WEE: only 4.2k
(45:38 / All) KATY-PERRY-WEE: u?
(45:44 / All) tu.suce-le.kid: 254
(45:46 / All) THETERROROF4V4: old enough to be strong enough to pin you down and fuck you in the pussy
(45:50 / All) tu.suce-le.kid: purp have 20 k
(45:57 / All) tu.suce-le.kid: and oj have 13k gold
(46:28 / All) THETERROROF4V4: I'm fucking your pussy
(46:42 / All) Shell: pink split his heroes
(46:44 / All) THETERROROF4V4: how's it feel to get fucked in the pussy pink?
(46:45 / All) IDGAF_SO_STFU: oh i get it its the fag bunch gj blue
(46:47 / All) Shell: and got them raped exact same moment anyway
(46:51 / All) KATY-PERRY-WEE: lol
(47:04 / Allies) tu.suce-le.kid: go oj
(47:05 / All) THETERROROF4V4: I cummed in your pussy pink do you like that?
(47:06 / Allies) tu.suce-le.kid: fuck pussy
(47:10 / All) THETERROROF4V4: you're still here so you must be enjoying it
(47:12 / All) IDGAF_SO_STFU: so i take it no life then huh? you guys fuck eachother
(47:19 / All) KATY-PERRY-WEE: im always the girl
(47:20 / All) THETERROROF4V4: I only fuck your pussy babe
(47:21 / All) IDGAF_SO_STFU: i ssee why oj is talking mad shit
(47:22 / All) Shell: mad?
(47:30 / All) THETERROROF4V4: Pink's pussy is the only pussy I need
(47:30 / All) IDGAF_SO_STFU: cause he has you guys sucking his dick
(47:36 / All) IDGAF_SO_STFU: not mad
(47:51 / All) THETERROROF4V4: hard for you to be mad after I make you orgasm from fucking your pussy hard
(47:53 / All) IDGAF_SO_STFU: i think its very funny you guys have no life
(47:56 / All) tu.suce-le.kid: ouch blue
(47:58 / All) IDGAF_SO_STFU: ruin a game like this
(47:58 / All) tu.suce-le.kid: my unit
(48:00 / All) IDGAF_SO_STFU: lol
(48:03 / All) Shell: IDGAF so STFU!
(48:04 / All) tu.suce-le.kid: 1 more
(48:09 / All) tu.suce-le.kid: 200 hp
(48:11 / All) KATY-PERRY-WEE: kelv sternhammer is a rad dude
(48:15 / All) THETERROROF4V4: shut up and take it bitch
(48:17 / All) tu.suce-le.kid: 150 hp
(48:20 / All) THETERROROF4V4: don't be a screamer while I fuck your pussy
(48:31 / All) tu.suce-le.kid: 150 hp
(48:37 / All) KATY-PERRY-WEE: ill buy sappers
(48:48 / Allies) Shell: running from the law
(48:53 / All) tu.suce-le.kid: lol
(48:59 / All) tu.suce-le.kid: die
(49:06 / All) KATY-PERRY-WEE: rawr
(49:53 / All) Shell: fucked that boi pussy good
(50:07 / All) tu.suce-le.kid: 20000
(50:10 / All) KATY-PERRY-WEE: i aint go no vagina
(50:39 / All) KATY-PERRY-WEE: owned
(50:59 / All) Shell: BE SEEING YOU
(51:04 / All) KATY-PERRY-WEE: coming for u big guy
(51:12 / All) Shell: you can't get in
(51:17 / All) THETERROROF4V4: LAWL
(51:23 / All) KATY-PERRY-WEE: i bad
(51:24 / All) THETERROROF4V4: self-owned
(51:34 / All) KATY-PERRY-WEE: we making this a standoff?
(51:41 / All) Shell: yeah
(51:43 / All) KATY-PERRY-WEE: i think pink has been our victim before
(51:51 / All) KATY-PERRY-WEE: oh wow conmaster is here too
(51:53 / All) THETERROROF4V4: of course, pink clearly has the endurance to get her pussy fucked longer
(51:54 / All) IDGAF_SO_STFU: possibly
(51:59 / All) IDGAF_SO_STFU: happens alot
(52:06 / All) THETERROROF4V4: yellow can go at pink's pussy now
(52:06 / All) IDGAF_SO_STFU: i think the last one was with red
(52:12 / All) THETERROROF4V4: and teal can watch and be the cuck
(52:28 / All) KATY-PERRY-WEE: we'll leave u guys with some critters and zepplins
(52:49 / All) KATY-PERRY-WEE: freaking gar doomforge
(52:52 / All) THETERROROF4V4: bad luck for pink
(53:25 / All) IDGAF_SO_STFU: what happened to yellow?
(53:45 / All) THETERROROF4V4: he left so now we finish
(53:54 / All) THETERROROF4V4: you lose
(54:10 / All) IDGAF_SO_STFU: IDGAF
(54:11 / All) Shell: GAR DOOMFORGE
(54:13 / All) IDGAF_SO_STFU: Laters
(54:15 / All) Shell: THE ONLY MOUNTAIN KING
(54:18 / All) Shell: THE KING OF THE MOUNTAIN
(54:42 / All) THETERROROF4V4: I don't mean to kill those units btw they just are attacking me and not behaving
(55:00 / All) THETERROROF4V4: Conmaster you here?
(55:07 / All) THETERROROF4V4: yellow has conned you out of a potential win
(55:10 / All) Shell: RACE WAR
(55:12 / All) Shell: DWARVES WIN AGAIN
(55:41 / All) Shell: I never got any units besides the 4 footies
(55:58 / All) THETERROROF4V4: That sucks you got no pendant and went solo MK all game
(56:02 / All) THETERROROF4V4: only ever get pendants if you go am
(56:04 / All) KATY-PERRY-WEE: pink laughed at ur choke towers
(56:05 / All) Shell: yeah I could have used it
(56:18 / All) THETERROROF4V4: Twilight Ruins owns, you can buy mana stones and pendants and shit
(56:28 / All) THETERROROF4V4: I wish Market Square had marketplaces, it's in the fucking name
(56:50 / All) KATY-PERRY-WEE: no point in uploading u saw all the chat
(57:00 / All) KATY-PERRY-WEE: conmaster said no word, pink only talked in all
(57:20 / All) Shell: Gar Doomforge is a tough cookie
(57:37 / All) THETERROROF4V4: why ring of prot +2
(57:43 / All) Shell: Didn't even realize
(57:45 / All) THETERROROF4V4: lawl
(57:48 / All) Shell: I had that crummy item
(58:00 / All) THETERROROF4V4: I should have offered ring of regen earlier
(58:03 / All) Shell: Yeah that ring is a nice item
(58:14 / All) THETERROROF4V4: didn't even think to
(59:30 / All) KATY-PERRY-WEE: pink
(59:35 / All) KATY-PERRY-WEE: just say it in all chat they are better than me
(59:39 / All) THETERROROF4V4: he left
(59:40 / All) THETERROROF4V4: lol
(59:43 / All) KATY-PERRY-WEE: oh
(60:07 / All) KATY-PERRY-WEE: conmaster ist afk
(60:11 / All) KATY-PERRY-WEE: he has purples mk selected